Map: Ascension to Aiur LE

Players

Yata

  • Race: Zerg Zerg
  • League: Gold
  • Spawn Location: 5:00

Shemerson - Winner!

  • Race: Protoss Protoss
  • League: Gold
  • Spawn Location: 11:00

VOD

Have the link to the VOD?

Description

Time

  • Played on: Sept. 8, 2017, 8:46 p.m.
  • Length: 11:56
Show
View Real Time Build Order
Export as new Build Order

Yata Zerg 

Build Orders: Hatch First, Muta Ling Bane 

Get SALT Encoding   

  12  0:01  Drone  
  13  0:12  Overlord  
  13  0:18  Drone  
  14  0:31  Drone x2  
  14  0:35  Drone  
  17  0:54  Hatchery  
  16  0:57  Drone  
  16  1:01  Drone  
  18  1:07  Drone  
  18  1:10  Extractor  
  18  1:20  Spawning Pool  
  18  1:21  Drone  
  18  1:28  Drone  
  19  1:42  Overlord  
  19  1:50  Drone  
  20  2:09  Drone x2  
  20  2:13  Zergling x2  
  20  2:14  Queen x2  
  27  2:18  Zergling x2, Metabolic Boost  
  28  2:25  Drone  
  29  2:30  Drone  
  30  2:42  Drone x2  
  32  2:52  Baneling Nest  
  31  3:01  Overlord  
  31  3:15  Evolution Chamber  
  31  3:18  Drone x6  
  36  3:24  Queen  
  38  3:29  Drone  
  38  3:31  Lair  
  37  3:37  Zergling x10  
  42  3:50  Drone  
  43  3:56  Zerg Melee Weapons Level 1  
  43  4:01  Overlord x2  
  43  4:09  Baneling  
  43  4:18  Extractor  
  43  4:19  Extractor  
  43  4:22  Baneling x2  
  41  4:30  Hatchery  
  40  4:41  Extractor  
  39  4:57  Drone  
  39  4:59  Drone x2  
  43  5:00  Drone x2  
  43  5:01  Zergling x14  
  50  5:40  Overlord x3  
  47  5:46  Drone  
  47  5:47  Drone x3  
  47  5:49  Drone  
  45  5:57  Drone x3  
  45  5:58  Drone x2  
  45  5:59  Drone  
  50  6:14  Zerg Ground Armor Level 1  
  50  6:21  Spire  
  49  6:27  Overseer  
  49  6:34  Drone x5  
  49  6:35  Drone x6  
  49  6:38  Zergling x6  
  63  6:45  Queen  
  63  6:46  Queen x2  
  67  6:49  Zergling x6  
  72  7:01  Spire  
  72  7:02  Zergling x6  
  72  7:03  Zergling x12  
  80  7:10  Centrifical Hooks  
  80  7:16  Overlord x4  
  80  7:17  Overlord x2  
  80  7:21  Baneling x6  
  80  7:22  Baneling x2  
  75  7:42  Zergling x16  
  75  7:43  Zergling x10  
  76  8:03  Zergling x2  
  76  8:04  Zergling x18  
  81  8:10  Drone  
  75  8:21  Zergling x6  
  75  8:22  Zerg Melee Weapons Level 2  
  75  8:40  Corruptor  
  74  8:42  Mutalisk  
  74  8:43  Mutalisk x6  
  86  8:52  Mutalisk  
  86  8:55  Zergling x2  
  89  8:56  Zergling x8  
  93  9:14  Zerg Flyer Weapons Level 1  
  93  9:15  Zerg Flyer Armor Level 1  
  93  9:18  Hatchery  
  93  9:19  Hatchery  
  93  9:21  Zergling x8  
  93  9:22  Zergling x10  
  99  9:38  Mutalisk x2  
  91  9:46  Zergling x2  
  91  9:47  Zergling x12  
  98  9:59  Zergling x6  
  103  10:00  Zergling x6  
  101  10:21  Zergling x2  
  101  10:22  Zergling x10  
  105  10:41  Zergling x2  
  105  10:42  Zergling x10  
  106  10:48  Zergling x2  
  106  10:49  Zergling x4  
  102  10:56  Zergling x4  
  102  11:03  Overseer  
  94  11:32  Overseer  
Show
View Real Time Build Order
Export as new Build Order

Shemerson Protoss - Winner!

Build Orders:  

Get SALT Encoding   

  12  0:01  Probe (Chrono Boost)  
  13  0:11  Probe (Chrono Boost)  
  14  0:23  Pylon  
  14  0:25  Probe (Chrono Boost)  
  15  0:30  Assimilator  
  15  0:42  Probe (Chrono Boost)  
  16  0:46  Gateway  
  16  0:52  Probe (Chrono Boost)  
  17  1:03  Probe (Chrono Boost)  
  18  1:07  Gateway  
  18  1:13  Probe (Chrono Boost)  
  19  1:20  Forge  
  20  1:25  Probe (Chrono Boost)  
  20  1:34  Gateway  
  20  1:39  Probe (Chrono Boost)  
  21  1:49  Assimilator  
  21  1:56  Probe (Chrono Boost)  
  22  2:03  Pylon  
  22  2:07  Photon Cannon  
  22  2:13  Probe (Chrono Boost)  
  23  2:23  Zealot (Chrono Boost)  
  23  2:29  Cybernetics Core  
  25  2:34  Zealot (Chrono Boost)  
  29  2:44  Zealot (Chrono Boost)  
  29  2:59  Nexus  
  29  3:05  Warp Gate (Chrono Boost)  
  28  3:10  Probe  
  29  3:14  Assimilator  
  29  3:19  Protoss Ground Weapons Level 1 (Chrono Boost)  
  29  3:23  Probe  
  30  3:31  Pylon  
  30  3:35  Pylon  
  30  3:50  Pylon, Mothership Core  
  32  3:55  Gateway  
  32  4:16  Probe  
  32  4:17  Probe  
  34  4:26  Twilight Council  
  34  4:30  Gateway  
  34  4:39  Probe  
  34  4:40  Probe  
  34  4:42  Robotics Facility  
  36  4:51  Probe  
  36  4:52  Assimilator, Probe  
  38  4:54  Stalker  
  38  4:57  Assimilator  
  40  5:04  Probe x2  
  42  5:23  Probe  
  42  5:24  Probe  
  44  5:32  Pylon  
  44  5:34  Pylon  
  44  5:35  Probe  
  45  5:36  Zealot, Stalker  
  45  5:37  Zealot, Sentry  
  52  5:50  Warp Prism  
  52  5:56  Probe  
  55  5:57  Probe  
  56  6:08  Probe  
  56  6:09  Probe  
  58  6:12  Photon Cannon  
  58  6:15  Photon Cannon  
  58  6:19  Zealot, Stalker  
  58  6:20  Sentry, Probe  
  58  6:21  Probe  
  58  6:22  Zealot  
  68  6:27  Observer (Chrono Boost)  
  68  6:32  Probe  
  70  6:33  Probe  
  70  6:37  Protoss Ground Weapons Level 2 (Chrono Boost)  
  71  6:43  Zealot  
  71  6:44  Zealot  
  71  6:45  Zealot  
  71  6:46  Stalker  
  79  7:05  Observer (Chrono Boost)  
  79  7:08  Charge  
  80  7:09  Probe  
  80  7:10  Probe  
  82  7:21  Probe  
  82  7:22  Pylon  
  83  7:26  Pylon  
  83  7:34  Immortal (Chrono Boost)  
  85  7:43  Zealot  
  85  7:44  Zealot x3  
  67  7:45  Zealot  
  71  8:04  Zealot  
  71  8:05  Zealot, Sentry  
  73  8:06  Zealot x2  
  55  8:29  Zealot, Sentry  
  55  8:30  Zealot  
  55  8:31  Zealot  
  55  8:32  Zealot  
  65  8:35  Nexus  
  65  8:37  Pylon  
  65  8:39  Pylon  
  65  8:40  Pylon  
  55  8:48  Blink  
  55  8:50  Gateway x2  
  55  8:52  Gateway  
  55  8:53  Pylon  
  55  9:00  Assimilator  
  55  9:04  Assimilator, Dark Shrine  
  55  9:08  Immortal (Chrono Boost)  
  59  9:13  Stalker  
  59  9:15  Sentry  
  63  9:17  Sentry  
  63  9:20  Sentry  
  67  9:24  Zealot  
  63  9:39  Zealot  
  63  9:40  Zealot  
  63  9:41  Zealot  
  67  9:48  Stalker x2  
  71  9:54  Photon Cannon, Probe  
  71  9:56  Probe  
  72  10:20  Stalker x2  
  76  10:25  Photon Cannon  
  76  10:32  Dark Templar  
  76  10:34  Dark Templar  
  76  10:35  Dark Templar  
  60  10:55  Dark Templar x2  
  60  10:56  Dark Templar x3  
  66  11:46  Nexus  
Tags
 
Composition
Muta Ling Bane
League
GoldGold
Matchup
PvZ
Replay Pack
Pack 1
Spawn Locations
Cross Positions
Add a new tag
Caveats
  • Supply blocks, unpowered buildings, or Contaminate may cause inaccurate times.
  • Supply counts are checked every 10 seconds.